 Dungeon Crawl Stone Soup version 0.16-a0-3122-gccf308e (webtiles) character file.

345 Johnny the Bolt Thrower (level 6, -1/47 HPs)
             Began as a Human Hunter on Dec 13, 2014.
             Slain by a sky beast (2 damage)
             ... on level 4 of the Dungeon.
             The game lasted 00:06:35 (2251 turns).

Johnny the Bolt Thrower (Human Hunter)              Turns: 2251, Time: 00:06:36

Health: -1/47      AC:  4    Str: 10    XL:     6   Next: 90%
Magic:  6/6        EV: 13    Int: 11    God:
Gold:   113        SH:  0    Dex: 16    Spells: 0 memorised, 5 levels left

rFire  . . .     SeeInvis .     b - +1 hand crossbow
rCold  . . .     Clarity  .     d - +0 leather armour
rNeg   . . .     SustAb   .     (no shield)
rPois  .         Gourm    .     h - +0 helmet
rElec  .         Spirit   .     (no cloak)
rCorr  .         Warding  .     (no gloves)
rMut   .         Stasis   .     (no boots)
MR     .....                    (no amulet)
Stlth  ++........               (no ring)
                                m - -2 ring of strength (curse)

@: very slightly contaminated, invisible, not resistant to hostile enchantments,
unstealthy
A: no striking features
a: no special abilities


You were on level 4 of the Dungeon.
You were not hungry.

You visited 1 branch of the dungeon, and saw 4 of its levels.

You collected 113 gold pieces.

Inventory:

Hand weapons
 a - a +0 short sword
 b - a +1 hand crossbow (weapon)
 o - a +4 morningstar
 t - a +2 rapier of speed
Missiles
 c - 4 bolts (quivered)
Armour
 d - a +0 leather armour (worn)
 h - a +0 helmet (worn)
Jewellery
 m - a cursed -2 ring of strength (left hand)
Scrolls
 g - 2 scrolls of remove curse {unknown}
 i - a scroll of enchant armour {unknown}
 j - 2 scrolls of enchant weapon {unknown}
 l - a scroll of random uselessness {unknown}
 s - 3 scrolls of teleportation {unknown}
 u - 2 scrolls of identify {unknown}
Potions
 k - a potion of invisibility
 n - 2 potions of heal wounds {unknown}
 p - a potion of restore abilities {unknown}
 r - a potion of agility {unknown}
Comestibles
 f - 2 bread rations
 q - 3 fruits
 v - a chunk of flesh
 w - a beef jerky


   Skills:
 + Level 3.6 Fighting
 * Level 6.2 Crossbows
 + Level 3.7 Dodging
 - Level 1.0 Stealth


You had 5 spell levels left.
You didn't know any spells.

Dungeon Overview and Level Annotations

Branches:
Dungeon (4/15)
 Temple: D:4-7

Altars:
Sif Muna


Message History

The rat misses you. The sky beast barely misses you.
Unknown command.
The sky beast misses you.
A worm comes into view.
The sky beast flickers out of sight!
Deactivating autopickup; reactivate with Ctrl-A.
Firing (i - inventory):
c - 6 bolts (quivered)
Press: ? - help, Shift-Dir - straight line, f - rat
Aim: a rat You shoot a bolt.
The bolt closely misses the rat.
Firing (i - inventory):
c - 5 bolts (quivered)
Press: ? - help, Shift-Dir - straight line, f/p - rat
Aim: a rat You shoot a bolt.
Something hits you.
* * * LOW HITPOINT WARNING * * *
Something shocks you.
* * * LOW HITPOINT WARNING * * *
Something hits you.
You die...

### #.. #.#
#.# #.# #@####
#(#(. #r#.###
###.#.#.#.###
#>...(........
#.#.#<#.#.###
#.#(#(#
..#+#.. ...
.###


You could see a rat.

Vanquished Creatures
  2 gnoll shamans (D:3)
  An orc wizard (D:3)
  Terence (D:2)
  13 gnolls (D:3)
  5 adders
  A giant mite (D:3)
  A worm (D:3)
  A giant gecko (D:3)
  An ooze (D:2)
  4 orcs (D:3)
  A giant cockroach (D:1)
  A goblin (D:3)
  7 hobgoblins
  11 jackals
  2 ball pythons (D:1)
  4 bats
  4 giant newts
  6 kobolds
  3 quokkas
  9 rats
78 creatures vanquished.

Notes
Turn   | Place    | Note
--------------------------------------------------------------
     0 | D:1      | Johnny, the Human Hunter, began the quest for the Orb.
     0 | D:1      | Reached XP level 1. HP: 16/16 MP: 1/1
   150 | D:1      | Reached XP level 2. HP: 16/22 MP: 2/2
   479 | D:2      | Found a deep blue altar of Sif Muna.
   539 | D:2      | Noticed Terence
   559 | D:2      | Reached XP level 3. HP: 17/28 MP: 3/3
   561 | D:2      | Killed Terence
   824 | D:2      | Reached XP level 4. HP: 34/34 MP: 4/4
   873 | D:2      | Reached skill level 5 in Crossbows
  1096 | D:3      | Reached XP level 5. HP: 37/41 MP: 5/5
  1863 | D:3      | Reached XP level 6. HP: 41/47 MP: 6/6
  2018 | D:3      | Reached skill level 6 in Crossbows
  2229 | D:4      | Noticed a sky beast
  2251 | D:4      | HP: 1/47 [something (6)]
  2251 | D:4      | Slain by a sky beast

Action                   |  1- 3 |  4- 6 || total
-------------------------+-------+-------++-------
Melee: Morningstar       |       |     2 ||     2
 Fire: Hand crossbow     |    80 |   167 ||   247
  Use: Potion            |     2 |     2 ||     4
  Eat: Chunk             |       |     4 ||     4
